 Dungeon Crawl Stone Soup version 0.31.0-11-ge490571c62 (webtiles) character file.

Game seed: 17938711127276186839

1222 qw the Skirmisher (level 8, -2/39 HPs)
             Began as a Spriggan Hunter on Feb 4, 2024.
             Was a Believer of Okawaru.
             Slain by a bullfrog (5 damage)
             ... on level 6 of the Dungeon.
             The game lasted 00:00:18 (4653 turns).

qw the Skirmisher (Spriggan Hunter)                 Turns: 4653, Time: 00:00:18

Health: -2/39      AC:  1    Str: 10    XL:     8   Next: 23%
Magic:  12/12      EV: 23    Int: 10    God:    Okawaru [**....]
Gold:   192        SH:  5    Dex: 21    Spells: 7/7 levels left

rFire   . . .        a - +1 shortbow
rCold   + . .        (shield currently unavailable)
rNeg    . . .        c - +0 robe
rPois   .            (helmet restricted)
rElec   .            o - -2 cloak of Moral Flaws {rC+ Str+3 SInv}
rCorr   .            (gloves unavailable)
SInv    +            (boots unavailable)
Will    +....        l - amulet of reflection
Stlth   ++           (no ring)
HPRegen 0.26/turn    (no ring)
MPRegen 0.13/turn

%: reflection
@: very quick
A: very small, no large weapons, unfitting armour, see invisible, speed 3
a: Renounce Religion, Heroism


You were on level 6 of the Dungeon.
You worshipped Okawaru.
Okawaru was pleased with you.
You visited 2 branches of the dungeon, and saw 7 of its levels.

You collected 276 gold pieces.
You spent 84 gold pieces at shops.


Innate Abilities, Weirdness & Mutations

You are very small and have problems with some larger weapons.
You are too small for most types of armour.
You have supernaturally acute eyesight. (SInv)
You cover ground extremely quickly. (Speed+++)


   Skills:
 - Level 2.0 Fighting
 - Level 8.1 Ranged Weapons
 + Level 7.4 Dodging
 - Level 1.5 Stealth
 - Level 4.0 Invocations


You had 7 spell levels left.
You didn't know any spells.
Your spell library was empty.

Inventory:

Hand Weapons
 a - a +1 shortbow (weapon)
Armour
 c - a +0 robe (worn)
 o - the -2 cloak of Moral Flaws (worn) {rC+ Str+3 SInv}
   (You found it on level 5 of the Dungeon)

   Str+3:     It affects your strength (+3).
   rC+:       It protects you from cold.
   SInv:      It lets you see invisible.
Jewellery
 l - an amulet of reflection (around neck)
Wands
 m - a wand of mindburst (11)
Potions
 b - a potion of mutation
 e - 4 potions of curing

Dungeon Overview and Level Annotations

Branches:
Dungeon (6/15)             Temple (1/1) D:4

Altars:
Ashenzari
Dithmenos
Elyvilon
Fedhas
Gozag
Hepliaklqana
Kikubaaqudgha
Makhleb
Okawaru
Qazlal
Ru
Sif Muna
Trog
Uskayaw
Wu Jian
Xom
Yredelemnul
Zin
The Shining One

Shops:
D:3 !


Message History

The water moccasin completely misses you.
The bullfrog misses you.
You shoot an arrow. The arrow hits the water moccasin.
The water moccasin is heavily wounded.
The bullfrog completely misses you. The water moccasin closely misses you.
You shoot an arrow.
The arrow hits the water moccasin but does no damage.
The water moccasin is heavily wounded.
The bullfrog hits you. The water moccasin bites you! The bullfrog misses you.
The water moccasin misses you.
You shoot an arrow.
The arrow closely misses the water moccasin.
The bullfrog misses you. The water moccasin closely misses you.
You shoot an arrow. The arrow misses the water moccasin.
The bullfrog closely misses you. The water moccasin barely misses you.
You block the bullfrog's attack. The water moccasin misses you.
You shoot an arrow.
The arrow closely misses the water moccasin.
The bullfrog barely misses you. The water moccasin bites you!
You shoot an arrow. The arrow hits the water moccasin.
The water moccasin is severely wounded.
The bullfrog hits you! You block the water moccasin's attack.
The bullfrog closely misses you.
You shoot an arrow.
The arrow barely misses the water moccasin.
The water moccasin barely misses you. You block the bullfrog's attack.
The water moccasin bites you.
You shoot an arrow.
The arrow closely misses the water moccasin.
The bullfrog hits you. You block the water moccasin's attack.
The bullfrog completely misses you.
You shoot an arrow.
The arrow closely misses the water moccasin.
You block the water moccasin's attack. The bullfrog misses you.
The water moccasin misses you.
You shoot an arrow.
The arrow hits the water moccasin but does no damage.
The water moccasin is heavily wounded.
The bullfrog hits you.
You die...

## # ...#.
...### ## ..
...# ..#
....###F##...##
#>......@S....+
#######.##...##
###########.#
..#
#.#...........#
.#
#.#.###########
# #.#.# #.#.#
###### #.#.#
#####...##
#....# #.#.#
#........#
#....###


You could see a water moccasin and a bullfrog.

Vanquished Creatures
  Menkaure (D:5)
  3 black bears (D:5)
  An ogre (D:5)
  2 phantoms (D:5)
  4 scorpions
  A howler monkey (D:6)
  A jelly (D:6)
  An orc priest (D:4)
  Jessica (D:3)
  3 iguanas
  An orc wizard (D:4)
  5 gnolls
  6 adders
  5 dart slugs
  4 orcs
  10 endoplasms
  2 giant cockroaches
  8 hobgoblins
  6 jackals
  6 kobolds
  4 quokkas
  5 ball pythons
  3 bats (D:1)
  6 frilled lizards
  8 goblins
  13 rats
110 creatures vanquished.

Notes
Turn   | Place    | Note
-------+----------+-------------------------------------------
     0 | D:1      | qw the Spriggan Hunter began the quest for the Orb.
     0 | D:1      | Reached XP level 1. HP: 10/10 MP: 2/2
     0 | D:1      | 0 ||| qw: Version: 0.3-a-160-g6735b56
     0 | D:1      | 0 ||| qw: Game counter: 4450
     0 | D:1      | 0 ||| qw: Melee chars always use a shield: true
     0 | D:1      | 0 ||| qw: God list: Okawaru
     0 | D:1      | 0 ||| qw: Allow faded altars: false
     0 | D:1      | 0 ||| qw: Do Orc after clearing Dungeon:15 true
     0 | D:1      | 0 ||| qw: Do second Lair branch before Depths: true
     0 | D:1      | 0 ||| qw: Lair rune preference: random
     0 | D:1      | 0 ||| qw: Goals: Normal
     0 | D:1      | 0 ||| PLANNING D:1-11
    47 | D:1      | Reached skill level 3 in Dodging
   138 | D:1      | Reached XP level 2. HP: 14/14 MP: 3/3
   334 | D:1      | Reached XP level 3. HP: 17/18 MP: 4/4
   645 | D:1      | Found a faded altar of an unknown god.
   645 | D:1      | Noticed a glass eye
   647 | D:1      | 647 ||| READING scroll labelled KOSOTR QYQALEU.
   649 | D:1      | 649 ||| READING scroll labelled VOWUNA DYXA.
   764 | D:1      | Noticed a glass eye
   783 | D:1      | Noticed an eye of devastation
   787 | D:1      | Noticed a golden eye
  1044 | D:1      | 1044 ||| READING scroll labelled XUNE VASUO.
  1044 | D:1      | 1044 ||| IDENTIFYING golden potion
  1045 | D:1      | 1045 ||| DROPPING scroll of butterflies.
  1046 | D:1      | 1046 ||| DROPPING potion of degeneration.
  1163 | D:2      | Reached skill level 5 in Ranged Weapons
  1206 | D:2      | Reached XP level 4. HP: 22/22 MP: 5/5
  1661 | D:2      | 1661 ||| READING scroll labelled NYPTOENUCI.
  1661 | D:2      | 1661 ||| ENCHANTING +0 shortbow.
  1786 | D:3      | Noticed Jessica
  1789 | D:3      | Killed Jessica
  1873 | D:3      | Reached XP level 5. HP: 25/26 MP: 6/6
  1965 | D:3      | Found Alekkua's Distillery.
  1969 | D:3      | 1969 ||| SHOPLISTING 2 potions of resistance (280 gold,
                  | have 102).
  1969 | D:3      | 1969 ||| BUYING potion of curing (42 gold).
  1969 | D:3      | Bought a potion of curing for 42 gold pieces
  1969 | D:3      | 1969 ||| BUYING potion of curing (42 gold).
  1969 | D:3      | Bought a potion of curing for 42 gold pieces
  1969 | D:3      | 1969 ||| SHOPLISTING potion of curing (42 gold, have 18).
  1969 | D:3      | 1969 ||| SHOPLISTING potion of enlightenment (70 gold, have
                  | 18).
  1969 | D:3      | 1969 ||| SHOPLISTING potion of mutation (112 gold, have
                  | 18).
  2327 | D:3      | 2327 ||| UPGRADING to amulet of guardian spirit.
  2332 | D:3      | 2332 ||| READING scroll of identify.
  2332 | D:3      | 2332 ||| IDENTIFYING black potion
  2333 | D:3      | 2333 ||| READING scroll labelled PAUCONOFUZ.
  2360 | D:4      | Found a white marble altar of Elyvilon.
  2447 | D:4      | Found a staircase to the Ecumenical Temple.
  2448 | D:4      | 2448 ||| PLANNING TEMPLE
  2457 | Temple   | Entered the Ecumenical Temple
  2458 | Temple   | 2458 ||| PLANNING OKAWARU WORSHIP
  2527 | Temple   | Became a worshipper of Warmaster Okawaru
  2528 | Temple   | 2528 ||| PLANNING D:1-11
  2528 | Temple   | 2528 ||| REMOVING amulet of guardian spirit.
  2851 | D:4      | Reached skill level 6 in Ranged Weapons
  2853 | D:4      | Reached XP level 6. HP: 27/30 MP: 7/7
  2923 | D:4      | 2923 ||| READING 2 scrolls of identify.
  2923 | D:4      | 2923 ||| IDENTIFYING bubbling golden potion
  2924 | D:4      | 2924 ||| READING scroll of identify.
  2924 | D:4      | 2924 ||| IDENTIFYING green potion
  2925 | D:4      | 2925 ||| DRINKING 2 sedimented ruby potions.
  2942 | D:4      | 2942 ||| DROPPING potion of attraction.
  2943 | D:4      | 2943 ||| DROPPING potion of lignification.
  2957 | D:5      | Entered Level 5 of the Dungeon
  2958 | D:5      | 2958 ||| PLANNING SEWER
  2982 | D:5      | Reached skill level 6 in Dodging
  3074 | D:5      | Reached * piety under Okawaru
  3080 | D:5      | Found a bloodstained altar of Trog.
  3082 | D:5      | Noticed Menkaure
  3088 | D:5      | 3088 ||| RETREEEEATING.
  3089 | D:5      | 3089 ||| RETREEEEATING.
  3095 | D:5      | Reached skill level 1 in Invocations
  3095 | D:5      | 3095 ||| INVOKING Heroism.
  3105 | D:5      | Reached XP level 7. HP: 12/35 MP: 5/9
  3108 | D:5      | Killed Menkaure
  3109 | D:5      | Reached skill level 7 in Ranged Weapons
  3218 | D:5      | Reached ** piety under Okawaru
  3224 | D:5      | Reached skill level 3 in Invocations
  3753 | D:5      | Reached XP level 8. HP: 39/39 MP: 10/12
  3802 | D:5      | Identified the -2 cloak of Moral Flaws {rC+ Str+3 SInv}
  3891 | D:5      | Found a glowing drain.
  3892 | D:5      | 3892 ||| RIP SEWER
  3892 | D:5      | 3892 ||| PLANNING D:1-11
  4065 | D:5      | 4065 ||| UPGRADING to -2 cloak of Moral Flaws {rC+ Str+3
                  | SInv}.
  4070 | D:5      | 4070 ||| DROPPING amulet of guardian spirit.
  4071 | D:5      | 4071 ||| UPGRADING to amulet of reflection.
  4076 | D:5      | 4076 ||| DROPPING ring of flight.
  4077 | D:5      | 4077 ||| READING 2 scrolls of identify.
  4077 | D:5      | 4077 ||| IDENTIFYING orange potion
  4078 | D:5      | 4078 ||| READING scroll of identify.
  4078 | D:5      | 4078 ||| IDENTIFYING 2 brown potions
  4079 | D:5      | 4079 ||| READING 2 scrolls labelled OGI FOHUPP.
  4080 | D:5      | 4080 ||| READING scroll labelled SAYTEE HAENANO.
  4181 | D:5      | 4181 ||| DROPPING scroll of noise.
  4182 | D:5      | 4182 ||| DROPPING potion of berserk rage.
  4183 | D:5      | 4183 ||| DROPPING 2 potions of invisibility.
  4253 | D:6      | HP: 8/39 [scorpion (5)]
  4254 | D:6      | 4254 ||| READING scroll of teleportation.
  4255 | D:6      | 4255 ||| DRINKING potion of heal wounds.
  4282 | D:6      | Reached skill level 8 in Ranged Weapons
  4283 | D:6      | HP: 5/39 [iguana (9)]
  4650 | D:6      | HP: 7/39 [water moccasin (3)]
  4651 | D:6      | HP: 2/39 [bullfrog (5)]
  4653 | D:6      | Slain by a bullfrog

Levels and vault maps discovered:
D:1:      sevenhm_arrival_forest_fort_large_1, layout_basic,
          hellmonk_ecumenical_altar_watching_god
D:2:      layout_basic, serial_corexii_hall, corexii_hall_statues_l,
          corexii_hall_statues_s, corexii_hall_statues_x, corexii_hall_statues_x
D:3:      layout_basic, serial_shops, nicolae_shop_pleasant_corner_grove,
          uniq_jessica
D:4:      layout_cave_pools, elyvilon_altar_5, minmay_temple_entry_wispy
D:5:      layout_basic, trog_ov_bears_minmay, gup_sewer_entry_bubbles,
          uniq_menkaure
D:6:      layout_basic, nicolae_zig_zag_zippers
Temple:   minmay_crystal_spiral_temple

Skill      XL: |  1  2  3  4  5  6  7  8 |
---------------+-------------------------+-----
Dodging        | 3 4 5 6 7 |  7.4
Ranged Weapons | 5 6 7 8 |  8.1
Fighting       | 2 |  2.0
Invocations    | 1 4 |  4.0
Stealth        | |  1.5

Action                     |  1- 3 |  4- 6 |  7- 9 || total
---------------------------+-------+-------+-------++-------
   Fire: Shortbow          |    90 |   149 |   119 ||   358
 Invoke: Heroism           |       |     1 |       ||     1
    Use: Scroll            |     3 |     5 |     5 ||    13
         Potion            |       |     1 |     1 ||     2
 Armour: Robe              |     6 |    18 |    28 ||    52
  Dodge: Dodged            |     9 |    66 |    69 ||   144
  Block: Other             |       |       |    10 ||    10

Table legend:
 A = Non-vault XP
 B = Vault XP
 C = Vault XP percentage of total XP
 D = Non-vault monster count
 E = Vault monster count
 F = Vault count percentage of total count
                 A         B        C        D         E       F
            +---------+---------+-------+---------+---------+-------
      Total |    1351 |     395 |  22.6 |      97 |      13 |  11.8
            +---------+---------+-------+---------+---------+-------
        D:1 |      66 |       4 |   5.7 |      29 |       4 |  12.1
        D:2 |      55 |       0 |   0.0 |      18 |       0 |   0.0
        D:3 |      53 |      37 |  41.1 |      17 |       1 |   5.6
        D:4 |     194 |       0 |   0.0 |      14 |       0 |   0.0
        D:5 |     715 |     354 |  33.1 |      13 |       8 |  38.1
        D:6 |     268 |       0 |   0.0 |       6 |       0 |   0.0
            +---------+---------+-------+---------+---------+-------
